 Dungeon Crawl Stone Soup version 0.30-a0-377-g5cb311bc9f (webtiles) character file.

Game seed: 8757600437790043130

93 lunkers the Ruffian (level 5, -2/40 HPs)
             Began as a Meteoran Fighter on Nov 30, 2022.
             Succumbed to a scorpion's poison
             ... on level 3 of the Dungeon.
             The game lasted 00:01:38 (493 turns).

lunkers the Ruffian (Meteoran Fighter)               Turns: 493, Time: 00:01:38

Health: -2/40      AC:  6    Str: 27    XL:     5   Next: 16%
Magic:  6/6        EV:  9    Int:  8    God:
Gold:   48         SH:  5    Dex: 15    Spells: 4/4 levels left

rFire   . . .      SeeInvis .      - Unarmed
rCold   . . .      Faith    .    b - +0 buckler
rNeg    . . .      Spirit   .    a - +0 scale mail
rPois   .          Reflect  .    (no helmet)
rElec   +          Harm     .    (no cloak)
rCorr   .          Rampage  .    (no gloves)
Will    .....                    (no boots)
Stlth   ..........               (no amulet)
HPRegen 0.26/turn                e - +6 ring of strength
MPRegen 0.10/turn                (no ring)

@: lethally poisoned (-2 -> -15), glowing
A: sense surroundings 1, otherworldly, glowing, explore regen, frail 1,
electricity resistance, strong 1
a: no special abilities


You were on level 3 of the Dungeon.
You visited 1 branch of the dungeon, and saw 3 of its levels.

You collected 48 gold pieces.

Inventory:

Armour
 a - a +0 scale mail (worn)
 b - a +0 buckler (worn)
Jewellery
 e - a +6 ring of strength (left hand)
Scrolls
 f - a scroll of enchant weapon {unknown}
 h - 2 scrolls of identify {unknown}
Potions
 c - a potion of might
 d - a potion of mutation
 g - a potion of brilliance {unknown}
 i - a potion of flight {unknown}


   Skills:
 - Level 3.2 Fighting
 - Level 3.6 Armour
 - Level 3.6 Shields
 + Level 5.7 Unarmed Combat


You had 4 spell levels left.
You didn't know any spells.
Your spell library was empty.

Dungeon Overview and Level Annotations

Branches:
Dungeon (3/15) Zot: 1312

Altars:


Innate Abilities, Weirdness & Mutations

You passively map a small area around you.
You are easily found by Zot.
You glow in the dark.
You regain HP and MP as you explore.
You are frail. (-10% HP)
You are resistant to electric shocks. (rElec)
Your muscles are strong. (Str +4, Int/Dex -1)


Message History

You feel very sick.
The scorpion stings you but does no damage.
You completely miss the scorpion.
The scorpion is lightly wounded.
You feel sick. The scorpion misses you.
You barely miss the scorpion.
The scorpion is lightly wounded.
You feel sick. The scorpion stings you.
* * * LOW HITPOINT WARNING * * *
You are more poisoned.
The scorpion poisons you!
You punch the scorpion!
The scorpion is severely wounded.
* * * LOW HITPOINT WARNING * * *
You feel sick.
The scorpion stings you but does no damage.
You hit the scorpion but do no damage.
The scorpion is severely wounded.
* * * LOW HITPOINT WARNING * * *
You feel very sick.
The scorpion stings you but does no damage.
It was a potion of mutation.
You feel extremely strange.
You feel stronger.
You feel insulated.
You feel frail.
* * * LOW HITPOINT WARNING * * *
You feel sick. The scorpion completely misses you.
Okay, then.
You hit the scorpion but do no damage.
The scorpion is severely wounded.
You feel sick.
The scorpion stings you but does no damage.
You closely miss the scorpion.
The scorpion is severely wounded.
You feel sick. The scorpion stings you.
* * * LOW HITPOINT WARNING * * *
You are lethally poisoned!
The scorpion poisons you! The scorpion stings you.
* * * LOW HITPOINT WARNING * * *
You punch the scorpion!
You kill the scorpion!
You die...

*#..<...###.....#####....
####...†.)..............
* *#...................#
**
.>...............).....#
*
*####...................#
###.####....#........ , *
#.. *#.....?....... *
*###. #####........., , ,
, * * #@####.... , , ,
#)#*, .### , *


oo# * # , , ,.Sro * , * ..... , , * *#...... .....## ,* , * ,......# , * , You
could see 3 orcs, a ball python and a rat.

Vanquished Creatures
  A scorpion (D:3)
  An orc wizard (D:3)
  An adder (D:2)
  3 gnolls (D:2)
  A dart slug (D:1)
  3 ball pythons
  2 endoplasms (D:1)
  9 goblins
  4 hobgoblins
  A kobold (D:3)
  A bat (D:2)
  A rat (D:1)
28 creatures vanquished.

Notes
Turn   | Place    | Note
-------+----------+-------------------------------------------
     0 | D:1      | lunkers the Meteoran Fighter began the quest for the Orb.
     0 | D:1      | Reached XP level 1. HP: 19/19 MP: 2/2
    42 | D:1      | Reached skill level 3 in Unarmed Combat
    42 | D:1      | Reached XP level 2. HP: 22/26 MP: 3/3
   277 | D:2      | Reached skill level 4 in Unarmed Combat
   277 | D:2      | Reached XP level 3. HP: 25/31 MP: 4/4
   288 | D:2      | Reached XP level 4. HP: 8/38 MP: 5/5
   415 | D:2      | Reached skill level 5 in Unarmed Combat
   480 | D:3      | Noticed a scorpion
   485 | D:3      | Reached XP level 5. HP: 23/45 MP: 6/6
   490 | D:3      | Gained mutation: Your muscles are strong. (Str +4, Int/Dex
                  | -1) [potion of mutation]
   490 | D:3      | Gained mutation: You are resistant to electric shocks.
                  | (rElec) [potion of mutation]
   490 | D:3      | Gained mutation: You are frail. (-10% HP) [potion of
                  | mutation]
   492 | D:3      | HP: 1/40 [scorpion (4)]
   493 | D:3      | Succumbed to a scorpion's poison

Illustrated notes

Levels and vault maps discovered:
D:1:      mrwooster_arrival_statue_3, layout_basic, minmay_misc_feat_roman,
          lexackson_kobold_supper
D:2:      layout_loops_corners, serial_shops, shop, minmay_goblin_outpost,
          uniq_crazy_yiuf_cottage
D:3:      layout_rooms

Skill      XL: |  1  2  3  4 |
---------------+-------------+-----
Unarmed Combat | 3 4 5 |  5.7
Fighting       | |  3.2
Armour         | |  3.6
Shields        | |  3.6

Action                   |  1- 3 |  4- 6 || total
-------------------------+-------+-------++-------
Melee: Unarmed           |    48 |    43 ||    91
  Use: Potion            |       |     1 ||     1
Armor: Scale mail        |    12 |    25 ||    37
Dodge: Dodged            |    13 |    20 ||    33
Block: Buckler           |     6 |    14 ||    20

Table legend: (Time is in decaauts)
 A = Elapsed time spent in this place.
 B = Non-inter-level travel time spent in this place.
 C = Inter-level travel time spent in this place.
 D = Time resting spent in this place.
 E = Time spent auto-exploring this place.
 F = Levels seen in this place.
 G = Mean time per level.
                   A        B        C        D        E       F      G
               +--------+--------+--------+--------+--------+-----+--------+
         Total |    487 |    487 |      0 |      0 |    296 |   3 |  162.3 |
       Dungeon |    487 |    487 |      0 |      0 |    296 |   3 |  162.3 |
               +--------+--------+--------+--------+--------+-----+--------+

Top non-repeatable levels by time:
     D:2: 295 daAuts
     D:1: 156 daAuts
     D:3: 35 daAuts
